 Dungeon Crawl Stone Soup version 0.21-a0-324-gfc3775b (webtiles) character file.

2454 RKaid the Conjurer (level 9, 0/65 HPs)
             Began as a Gnoll Wanderer on Sept 30, 2017.
             Was a Believer of Sif Muna.
             Slain by an orc warrior
             ... wielding a +0 hand axe
              (15 damage)
             ... on level 6 of the Dungeon on Oct 1, 2017.
             The game lasted 00:28:33 (8122 turns).

RKaid the Conjurer (Gnoll Wanderer)                 Turns: 8122, Time: 00:28:35

Health: 0/65       AC:  5    Str: 15      XL:     9   Next: 50%
Magic:  16/16      EV: 16    Int: 16      God:    Sif Muna [**....]
Gold:   284        SH:  0    Dex: 15 (16) Spells: 12/18 levels left

rFire    + . .     SeeInvis .   a - +0 spear (freeze)
rCold    + . .     Gourm    .   (no shield)
rNeg     . . .     Faith    .   S - +1 robe {MR+}
rPois    .         Spirit   .   s - +0 helmet
rElec    .         Reflect  .   T - scarf {rC+ rF+}
rCorr    .         Harm     .   (no gloves)
MR       +....                  E - +0 pair of boots
Stlth    ++++......             q - amulet of regeneration {+regen}
HPRegen  0.60/turn              D - +4 ring of slaying
MPRegen  0.15/turn              k - ring of stealth {Stlth+}

@: divine energy
A: distributed training, fangs 1, strong nose
a: Stop Divine Energy, Renounce Religion


You were on level 6 of the Dungeon.
You worshipped Sif Muna.
Sif Muna was pleased with you.
You were not hungry.

You visited 2 branches of the dungeon, and saw 8 of its levels.

You collected 284 gold pieces.

Inventory:

Hand Weapons
 a - a +0 spear of freezing (weapon)
   (You took it off a gnoll on level 5 of the Dungeon)
 b - a +0 hunting sling of freezing
   (You took it off a goblin on level 2 of the Dungeon)
 l - a +3 vampiric rapier
   (You took it off Eustachio on level 6 of the Dungeon)
 z - a +1 mace of holy wrath
   (You took it off Robin on level 2 of the Dungeon)
 A - a +0 quarterstaff
Missiles
 r - 5 javelins (quivered)
 v - 274 stones
 w - 58 sling bullets
 G - 3 throwing nets {=f}
 P - 7 tomahawks of dispersal {=f}
Armour
 p - a +0 ring mail
   (You found it on level 1 of the Dungeon)
 s - a +0 helmet (worn)
   (You took it off Robin on level 2 of the Dungeon)
 u - a +0 cloak
   (You took it off Crazy Yiuf on level 2 of the Dungeon)
 E - a +0 pair of boots (worn)
   (You found it on level 3 of the Dungeon)
 S - a +1 robe of magic resistance (worn)
   (You took it off an orc wizard on level 5 of the Dungeon)
 T - a scarf of resistance (worn)
   (You found it on level 5 of the Dungeon)
Jewellery
 k - a ring of stealth (right hand) {Stlth+}
   (You found it on level 1 of the Dungeon)
 m - an uncursed ring of ice {rC+, rF-}
   (You found it on level 1 of the Dungeon)
 q - an amulet of regeneration (around neck) {+regen}
   (You found it on level 1 of the Dungeon)
 D - a +4 ring of slaying (left hand)
   (You found it on level 4 of the Dungeon)
Wands
 g - a wand of paralysis (18/24)
   (You found it on level 6 of the Dungeon)
 N - a wand of flame (21/48)
   (You took it off a goblin on level 6 of the Dungeon)
 R - a wand of polymorph (6/24)
   (You took it off an orc on level 5 of the Dungeon)
Scrolls
 e - a scroll of random uselessness {unknown}
 i - 3 scrolls of identify
 j - a scroll of recharging
 n - a scroll of immolation {!r}
 o - a scroll of noise {unknown}
 t - a scroll of teleportation
 y - a scroll of enchant armour {unknown}
 B - a scroll of blinking {unknown}
 F - a scroll of magic mapping {unknown}
 I - 2 scrolls of fear {unknown}
 M - 2 scrolls of remove curse {unknown}
 O - a scroll of enchant weapon {unknown}
Potions
 h - a potion of agility {unknown}
 x - 2 potions of curing
 C - a potion of lignification {unknown}
 H - a potion of invisibility {unknown}
 J - a potion of flight {unknown}
 K - 3 potions of haste
 L - a potion of cancellation {unknown}
Books
 c - the Incunabulum of Confrontation

   Spells                             Type                      Level
   a - Shock                          Conjuration/Air              1
   b - Stone Arrow                    Conjuration/Earth            3
 Q - a book of Minor Magic
Comestibles
 d - 3 meat rations
 f - 4 bread rations
 U - 2 chunks of flesh


   Skills:
 + Level 4.2 Fighting
 + Level 4.2 Short Blades
 + Level 4.2 Long Blades
 + Level 4.0 Axes
 + Level 4.2 Maces & Flails
 + Level 4.2 Polearms
 + Level 5.0 Staves
 + Level 4.0 Slings
 + Level 4.4 Bows
 + Level 4.0 Crossbows
 + Level 4.0 Throwing
 + Level 4.5 Armour
 + Level 6.3 Dodging
 + Level 4.7 Stealth
   Level 0.0 Stabbing
 + Level 4.9 Shields
   Level 0.0 Traps
 + Level 4.0 Unarmed Combat
 + Level 5.0 Spellcasting
 + Level 7.7 Conjurations
 + Level 4.0 Hexes
 + Level 4.4 Charms
 + Level 4.2 Summonings
 + Level 4.0 Necromancy
 + Level 4.2 Translocations
 + Level 3.9 Transmutations
 + Level 4.0 Fire Magic
 + Level 3.9 Ice Magic
 + Level 4.0 Air Magic
 + Level 4.7 Earth Magic
 + Level 4.7 Poison Magic
 + Level 4.2 Invocations
 + Level 3.9 Evocations


You had 12 spell levels left.
You knew the following spells:

 Your Spells              Type           Power        Failure   Level  Hunger
a - Shock                 Conj/Air       ###.         1%          1    None
b - Stone Arrow           Conj/Erth      ###...       3%          3    ###....
B - Blink                 Tloc           N/A          4%          2    #......


Dungeon Overview and Level Annotations

Branches:
Dungeon (7/15)             Temple (1/1) D:6

Altars:
Ashenzari
Elyvilon
Fedhas
Gozag
Makhleb
Nemelex Xobeh
Okawaru
Qazlal
Ru
Sif Muna
Trog
Uskayaw
Vehumet
Wu Jian
Xom
Yredelemnul
Zin
The Shining One

Annotations:
D:3 kohrah's ghost, amateur DsFi
D:6 Prince Ribbit
D:7 exclusion: jelly


Innate Abilities, Weirdness & Mutations

Your experience applies equally to all skills.
You have very sharp teeth.
Your uncanny sense of smell can sniff out nearby items.


Message History

Attack whom?
Press: ? - help, Dir - move target cursor, f - quokka
Aim: a quokka (hasn't noticed you)
You reach to attack!
You hit the quokka. You freeze the quokka. You closely miss the quokka.
The quokka barely misses you. x2
You closely miss the quokka. You bite the quokka.
You kill the quokka!
Sif Muna accepts your kill.
The worker ant bites you but does no damage.
You hit the worker ant. You freeze the worker ant. You bite the worker ant.
The worker ant closely misses you.
You hit the worker ant. You freeze the worker ant. The worker ant misses you.
You hit the worker ant. You freeze the worker ant.
You kill the worker ant!
Sif Muna accepts your kill.
No target in view!
You butcher the worker ant corpse.
U - 2 chunks of flesh (gained 1)
A centaur comes into view.
A centaur is nearby!
Attack whom?
Press: ? - help, Dir - move target cursor, f - centaur
Aim: a centaur (hasn't noticed you)
You reach to attack!
The centaur shouts!
You puncture the centaur! You freeze the centaur.
You hear a shout!
The centaur wields a shortbow.
The centaur shoots an arrow.
The arrow hits you but does no damage.
You hear a shout! x2
Attack whom?
Press: ? - help, Dir - move target cursor, f/p - centaur
Aim: a centaur, wielding a shortbow (heavily wounded)
You reach to attack!
You hit the centaur but do no damage.
You hear a shout!
The centaur shoots an arrow.
The arrow hits you!
An orc comes into view. It is wielding a flail.
The centaur unwields an uncursed shortbow.
The centaur hits you but does no damage. x2
You puncture the centaur! You freeze the centaur.
You kill the centaur!
Sif Muna accepts your kill.
A scorpion, an orc, an orc warrior and a skeleton come into view.
An orc priest and a crimson imp come into view.
Things that are here:
an uncursed shortbow; 13 arrows; 14 gold pieces You puncture the orc!
You freeze the orc.
You kill the orc!
Sif Muna accepts your kill.
An adder and 2 orcs come into view.
A worker ant comes into view.
An orc comes into view. It is wielding a flail.
The orc moves out of view.
The jelly quivers.
The jelly misses you. The jelly closely misses you.
There is a stone staircase leading down here.
There is a stone staircase leading up here.
Attack whom?
Press: ? - help, Dir - move target cursor, f - jelly
Aim: a jelly You reach to attack!
You puncture the jelly! You freeze the jelly. You hit the jelly.
You freeze the jelly.
You kill the jelly!
Sif Muna accepts your kill.
Attack whom?
Press: ? - help, Dir - move target cursor, f - orc warrior
Aim: an orc warrior, wielding a hand axe and wearing a chain mail You reach to attack!
You completely miss the orc warrior. You hit the orc warrior.
You freeze the orc warrior. Your punch misses the orc warrior.
Your bite misses the orc warrior. The orc warrior misses you.
The orc priest calls down the wrath of Beogh upon you.
Beogh smites you!
You hit the orc warrior but do no damage.
You bite the orc warrior, but do no damage.
You closely miss the orc warrior. You bite the orc warrior.
The orc warrior misses you.
An orc wizard comes into view. It is wielding a dagger.
The orc warrior hits you with a hand axe!
You climb upwards.
Level annotation: Prince Ribbit
There is a stone staircase leading down here.
You closely miss the orc warrior. The orc closely misses you.
You barely miss the orc warrior.
The orc warrior hits you with a hand axe!
The orc misses you.
You are too injured to fight recklessly!
You hit the orc but do no damage.
The orc warrior hits you with a hand axe!
* * * LOW HITPOINT WARNING * * *
Evoke which item? (* to show all) (? for menu, Esc to quit)
Aiming: Paralyse
Press: ? - help, Shift-Dir - straight line, f - orc warrior
Aim: an orc warrior, wielding a hand axe and wearing a chain mail (lightly wounded, chance to defeat MR: 57%)
The orc warrior resists with significant effort.
This wand has 18 charges left.
The orc hits you with a flail.
* * * LOW HITPOINT WARNING * * *
The orc warrior hits you with a hand axe!
You die...

§.........§...#..# #.#
..§...........#..# #.#
...§.....§...§#..# #.#
............§§##.## #.#
.............§#...########.#
..............#..>.........#
..............8..###########
...............oo#
..............8.@#
..............#..#
..............#..#
..............#..#
.§............#..#
.§...§....§§..#..#
...........§..#..# #####
############


You could see an orc warrior and an orc.

Vanquished Creatures
  Eustachio (D:6)
  The ghost of gorpus the Magician, an amateur VSEE (D:4)
  A fire bat (D:5)
  A black bear (D:6)
  2 orc warriors (D:6)
  3 ogres
  A phantom (D:5)
  A centaur (D:7)
  A bullfrog (D:6)
  A scorpion (D:3)
  3 killer bees (D:7)
  A howler monkey (D:5)
  2 crimson imps
  A centaur zombie (D:5)
  3 hounds
  A jelly (D:7)
  8 orc wizards
  4 orc priests
  Crazy Yiuf (D:2)
  Natasha (D:2)
  3 worker ants
  Terence (D:3)
  Robin (D:2)
  A howler monkey skeleton (D:4)
  7 gnolls
  9 adders
  A river rat (D:4)
  An ooze (D:3)
  An adder zombie (D:6)
  2 adder skeletons
  5 worms
  3 dart slugs
  4 leopard geckos
  20 orcs
  3 ball pythons
  12 bats
  10 giant cockroaches
  10 hobgoblins
  6 jackals
  2 quokkas
  6 frilled lizards
  22 goblins
  A jackal skeleton (D:4)
  5 kobolds
  A leopard gecko skeleton (D:4)
  A quokka skeleton (D:7)
  9 rats
185 creatures vanquished.

Notes
Turn   | Place    | Note
-------+----------+-------------------------------------------
     0 | D:1      | RKaid the Gnoll Wanderer began the quest for the Orb.
     0 | D:1      | RKaid set off with: a book of Minor Magic, a +0 quarterstaff, the Incunabulum of Confrontation, a +0 robe, a bread ration
     0 | D:1      | Reached XP level 1. HP: 13/13 MP: 4/4
    14 | D:1      | Identified the Incunabulum of Confrontation
    16 | D:1      | Learned a level 1 spell: Shock
   252 | D:1      | Reached skill level 1 in Polearms
   292 | D:1      | Reached skill level 1 in Maces & Flails
   292 | D:1      | Reached XP level 2. HP: 19/19 MP: 5/5
   578 | D:1      | Reached skill level 1 in Charms
   588 | D:1      | Reached skill level 1 in Poison Magic
   619 | D:1      | Reached skill level 1 in Armour
   627 | D:1      | Reached XP level 3. HP: 24/24 MP: 1/6
   998 | D:1      | Reached skill level 1 in Bows
  1085 | D:2      | Noticed a fire elemental
  1098 | D:2      | Found a stormy altar of Qazlal.
  1101 | D:2      | Noticed a water elemental
  1101 | D:2      | Noticed an air elemental
  1101 | D:2      | Noticed an earth elemental
  1106 | D:2      | Reached skill level 1 in Summonings
  1119 | D:2      | Reached skill level 1 in Invocations
  1371 | D:2      | Reached skill level 2 in Poison Magic
  1371 | D:2      | Reached XP level 4. HP: 30/30 MP: 8/8
  1379 | D:2      | Reached skill level 1 in Long Blades
  1483 | D:2      | Reached skill level 1 in Fighting
  1525 | D:2      | Reached skill level 1 in Short Blades
  1525 | D:2      | Reached skill level 2 in Armour
  1669 | D:2      | Reached skill level 1 in Translocations
  1768 | D:2      | Learned a level 2 spell: Blink
  1772 | D:2      | Learned a level 3 spell: Stone Arrow
  1834 | D:2      | Found a runed door.
  1889 | D:2      | Noticed Natasha
  1891 | D:2      | Upgraded the game from 0.21-a0-320-gefad53e to 0.21-a0-324-gfc3775b
  1911 | D:2      | Noticed Robin
  1921 | D:2      | Killed Robin
  2159 | D:2      | Noticed Crazy Yiuf
  2166 | D:2      | Killed Crazy Yiuf
  2166 | D:2      | Reached XP level 5. HP: 26/37 MP: 3/9
  2319 | D:2      | HP: 8/37 [worm (11)]
  2320 | D:2      | Killed Natasha
  2816 | D:3      | Reached skill level 1 in Axes
  2816 | D:3      | Reached skill level 3 in Staves
  2816 | D:3      | Reached skill level 1 in Slings
  2816 | D:3      | Reached skill level 2 in Bows
  2816 | D:3      | Reached skill level 1 in Crossbows
  2816 | D:3      | Reached skill level 1 in Throwing
  2816 | D:3      | Reached skill level 1 in Unarmed Combat
  2816 | D:3      | Reached skill level 3 in Spellcasting
  2816 | D:3      | Reached skill level 1 in Hexes
  2816 | D:3      | Reached skill level 2 in Charms
  2816 | D:3      | Reached skill level 1 in Necromancy
  2816 | D:3      | Reached skill level 1 in Fire Magic
  2816 | D:3      | Reached skill level 1 in Air Magic
  2816 | D:3      | Reached XP level 6. HP: 34/44 MP: 6/10
  2967 | D:3      | Noticed Terence
  2983 | D:3      | Killed Terence
  3333 | D:3      | Reached skill level 2 in Fighting
  3333 | D:3      | Reached skill level 2 in Short Blades
  3333 | D:3      | Reached skill level 2 in Long Blades
  3333 | D:3      | Reached skill level 2 in Maces & Flails
  3333 | D:3      | Reached skill level 2 in Polearms
  3333 | D:3      | Reached skill level 5 in Dodging
  3333 | D:3      | Reached skill level 3 in Shields
  3333 | D:3      | Reached skill level 2 in Summonings
  3333 | D:3      | Reached skill level 2 in Translocations
  3333 | D:3      | Reached skill level 1 in Transmutations
  3333 | D:3      | Reached skill level 1 in Ice Magic
  3333 | D:3      | Reached skill level 2 in Invocations
  3333 | D:3      | Reached skill level 1 in Evocations
  3549 | D:3      | Found a deep blue altar of Sif Muna.
  3563 | D:3      | Became a worshipper of Sif Muna the Loreminder
  3643 | D:3      | Noticed kohrah's ghost (amateur DsFi)
  4489 | D:4      | Reached XP level 7. HP: 45/50 MP: 11/11
  4637 | D:4      | Noticed gorpus's ghost (amateur VSEE)
  4662 | D:4      | Killed gorpus's ghost
  4662 | D:4      | Reached skill level 2 in Axes
  4662 | D:4      | Reached skill level 2 in Slings
  4662 | D:4      | Reached skill level 2 in Crossbows
  4662 | D:4      | Reached skill level 2 in Throwing
  4662 | D:4      | Reached skill level 3 in Stealth
  4662 | D:4      | Reached skill level 2 in Unarmed Combat
  4662 | D:4      | Reached skill level 2 in Hexes
  4662 | D:4      | Reached skill level 2 in Necromancy
  4662 | D:4      | Reached skill level 2 in Fire Magic
  4662 | D:4      | Reached skill level 2 in Air Magic
  4662 | D:4      | Reached skill level 3 in Earth Magic
  4662 | D:4      | Reached skill level 3 in Poison Magic
  5292 | D:4      | Reached skill level 3 in Armour
  5292 | D:4      | Reached skill level 2 in Transmutations
  5292 | D:4      | Reached skill level 2 in Ice Magic
  5292 | D:4      | Reached skill level 2 in Evocations
  5314 | D:5      | Entered Level 5 of the Dungeon
  5361 | D:5      | Reached skill level 3 in Bows
  5361 | D:5      | Reached skill level 7 in Conjurations
  5361 | D:5      | Reached skill level 3 in Charms
  5406 | D:5      | Reached * piety under Sif Muna
  5406 | D:5      | Reached XP level 8. HP: 53/57 MP: 13/13
  5623 | D:5      | Reached skill level 3 in Fighting
  5623 | D:5      | Reached skill level 3 in Short Blades
  5623 | D:5      | Reached skill level 3 in Long Blades
  5623 | D:5      | Reached skill level 3 in Maces & Flails
  5623 | D:5      | Reached skill level 3 in Polearms
  5623 | D:5      | Reached skill level 4 in Staves
  5623 | D:5      | Reached skill level 4 in Spellcasting
  5623 | D:5      | Reached skill level 3 in Summonings
  5623 | D:5      | Reached skill level 3 in Translocations
  5623 | D:5      | Reached skill level 3 in Invocations
  5863 | D:5      | Reached skill level 3 in Axes
  5863 | D:5      | Reached skill level 3 in Slings
  5863 | D:5      | Reached skill level 3 in Crossbows
  5863 | D:5      | Reached skill level 3 in Throwing
  5863 | D:5      | Reached skill level 4 in Shields
  5863 | D:5      | Reached skill level 3 in Unarmed Combat
  5863 | D:5      | Reached skill level 3 in Hexes
  5863 | D:5      | Reached skill level 3 in Necromancy
  5863 | D:5      | Reached skill level 3 in Fire Magic
  5863 | D:5      | Reached skill level 3 in Air Magic
  6283 | D:5      | Reached skill level 4 in Stealth
  6283 | D:5      | Reached skill level 3 in Transmutations
  6283 | D:5      | Reached skill level 3 in Ice Magic
  6283 | D:5      | Reached skill level 4 in Earth Magic
  6283 | D:5      | Reached skill level 4 in Poison Magic
  6283 | D:5      | Reached skill level 3 in Evocations
  6387 | D:5      | Found an iron altar of Okawaru.
  6495 | D:6      | Reached skill level 4 in Armour
  6539 | D:6      | Noticed Eustachio
  6554 | D:6      | Reached XP level 9. HP: 62/65 MP: 15/15
  6695 | D:6      | Reached ** piety under Sif Muna
  6695 | D:6      | Reached skill level 4 in Bows
  6695 | D:6      | Reached skill level 6 in Dodging
  6695 | D:6      | Reached skill level 4 in Charms
  6799 | D:6      | Found a radiant altar of Vehumet.
  6827 | D:6      | Killed Eustachio
  7031 | D:6      | Found a sacrificial altar of Ru.
  7080 | D:6      | Reached skill level 4 in Fighting
  7080 | D:6      | Reached skill level 4 in Short Blades
  7080 | D:6      | Reached skill level 4 in Long Blades
  7080 | D:6      | Reached skill level 4 in Maces & Flails
  7080 | D:6      | Reached skill level 4 in Polearms
  7080 | D:6      | Reached skill level 4 in Summonings
  7080 | D:6      | Reached skill level 4 in Translocations
  7080 | D:6      | Reached skill level 4 in Invocations
  7284 | D:6      | Found a staircase to the Ecumenical Temple.
  7301 | Temple   | Entered the Ecumenical Temple
  7532 | D:6      | Noticed Prince Ribbit
  7803 | D:7      | Found a shattered altar of Ashenzari.
  7947 | D:7      | Reached skill level 4 in Axes
  7947 | D:7      | Reached skill level 5 in Staves
  7947 | D:7      | Reached skill level 4 in Slings
  7947 | D:7      | Reached skill level 4 in Crossbows
  7947 | D:7      | Reached skill level 4 in Throwing
  7947 | D:7      | Reached skill level 4 in Unarmed Combat
  7947 | D:7      | Reached skill level 5 in Spellcasting
  7947 | D:7      | Reached skill level 4 in Hexes
  7947 | D:7      | Reached skill level 4 in Necromancy
  7947 | D:7      | Reached skill level 4 in Fire Magic
  7947 | D:7      | Reached skill level 4 in Air Magic
  8118 | D:6      | HP: 15/65 [orc warrior/hand axe (16)]
  8122 | D:6      | Slain by an orc warrior

Vault maps used:
D:1:      nicolae_arrival_memento_mori
D:2:      nicolae_qazlal_style_of_elements, uniq_natasha,
          uniq_crazy_yiuf_cottage, uniq_robin
D:3:      led_sif_book, uniq_terence
D:4:      serial_glass, glass_columns_c, glass_columns_a, glass_columns_a,
          glass_columns_a, glass_columns_c, glass_columns_a, glass_columns_a,
          glass_columns_b, first_bread, gup_sewer_entry_spiral
D:5:      kennysheep_mini, grunt_decor_arrowhead
D:6:      lemuel_doored_altar, vehumet_altar_wand_db, lemuel_temple_firewalk_b,
          serial_glass, glass_columns_a, glass_columns_a,
          kennysheep_big_empty_room, uniq_eustachio, uniq_prince_ribbit1
D:7:      ashenzari_conservatory_becter, lemuel_round_altar, the_bakery
Temple:   regret_index_temple_generic_petals

Skill      XL: |  1  2  3  4  5  6  7  8  9 |
---------------+----------------------------+-----
Polearms       | 1 2 3 4 |  4.2
Maces & Flails | 1 2 3 4 |  4.2
Charms         | 1 2 3 4 |  4.4
Poison Magic   | 1 2 3 4 |  4.7
Armour         | 1 2 3 4 |  4.5
Bows           | 1 2 3 4 |  4.4
Summonings     | 1 2 3 4 |  4.2
Invocations    | 1 2 3 4 |  4.2
Long Blades    | 1 2 3 4 |  4.2
Fighting       | 1 2 3 4 |  4.2
Short Blades   | 1 2 3 4 |  4.2
Translocations | 1 2 3 4 |  4.2
Axes           | 1 2 3 4 |  4.0
Staves         | 3 4 5 |  5.0
Slings         | 1 2 3 4 |  4.0
Crossbows      | 1 2 3 4 |  4.0
Throwing       | 1 2 3 4 |  4.0
Unarmed Combat | 1 2 3 4 |  4.0
Spellcasting   | 3 4 5 |  5.0
Hexes          | 1 2 3 4 |  4.0
Necromancy     | 1 2 3 4 |  4.0
Fire Magic     | 1 2 3 4 |  4.0
Air Magic      | 1 2 3 4 |  4.0
Dodging        | 5 6 |  6.3
Shields        | 3 4 |  4.9
Transmutations | 1 2 3 |  3.9
Ice Magic      | 1 2 3 |  3.9
Evocations     | 1 2 3 |  3.9
Stealth        | 3 4 |  4.7
Earth Magic    | 3 4 |  4.7
Conjurations   | 7 |  7.7

Action                   |  1- 3 |  4- 6 |  7- 9 || total
-------------------------+-------+-------+-------++-------
Melee: Quarterstaff      |    60 |   201 |    71 ||   332
       Bite              |     5 |    24 |    37 ||    66
       Spear             |       |       |   230 ||   230
       Punch             |       |       |     1 ||     1
 Fire: Hunting sling     |       |       |     2 ||     2
 Cast: Shock             |    30 |    42 |    44 ||   116
       Stone Arrow       |       |     9 |    11 ||    20
Invok: Divine Energy     |       |       |     1 ||     1
Evoke: Wand              |       |       |     3 ||     3
  Use: Scroll            |       |       |     7 ||     7
 Stab: Sleeping          |     2 |    11 |     8 ||    21
       Paralysed         |       |       |     8 ||     8
  Eat: Chunk             |     2 |    11 |     8 ||    21
       Royal jelly       |       |       |     2 ||     2
       Bread ration      |       |       |     1 ||     1
Armor: Robe              |    23 |    47 |    59 ||   129
Dodge: Dodged            |    68 |   180 |   212 ||   460

Table legend:
 A = Spawn XP
 B = Non-spawn XP
 C = Spawn XP percentage of total XP
 D = Spawn monster count
 E = Non-spawn monster count
 F = Spawn count percentage of total count
 G = Total turns spent on level
                    A         B        C        D         E        F      G
               +---------+---------+-------+---------+---------+-------+---------
         Total |       0 |    3506 |   0.0 |       0 |     185 |   0.0 |  8122
               +---------+---------+-------+---------+---------+-------+---------
           D:1 |       0 |      40 |   0.0 |       0 |      22 |   0.0 |  1056
           D:2 |       0 |     198 |   0.0 |       0 |      40 |   0.0 |  1842
           D:3 |       0 |     263 |   0.0 |       0 |      34 |   0.0 |  1288
           D:4 |       0 |     565 |   0.0 |       0 |      28 |   0.0 |  1128
           D:5 |       0 |    1055 |   0.0 |       0 |      32 |   0.0 |  1108
           D:6 |       0 |     960 |   0.0 |       0 |      18 |   0.0 |  1211
           D:7 |       0 |     425 |   0.0 |       0 |      11 |   0.0 |   320
               +---------+---------+-------+---------+---------+-------+---------

Table legend:
 A = Turns spent in this place as a percentage of turns spent in the entire game.
 B = Non-inter-level travel turns spent in this place as a percentage of non-inter-level travel turns spent in the entire game.
 C = Inter-level travel turns spent in this place as a percentage of turns spent in this place.
 D = Turns resting spent in this place as a percentage of non-inter-level travel turns spent in this place.
 E = Turns spent auto-exploring this place as a percentage of non-inter-level travel turns spent in this place.
 F = Non-inter-level travel turns spent in this place divided by the number of levels of this place that you've seen.
                   A       B       C       D       E      F
               +-------+-------+-------+-------+-------+----------------------
         Total | 100.0 | 100.0 |   3.0 |  30.7 |  44.2 | 984.9
       Dungeon |  97.9 |  98.0 |   2.9 |  31.3 |  43.1 | 1103.1
        Temple |   2.1 |   2.0 |   7.1 |   0.0 |  98.7 | 157.0
               +-------+-------+-------+-------+-------+----------------------

Table legend:
 A = Kills in this place as a percentage of kills in entire the game.
 B = Kills by you in this place as a percentage of kills by you in the entire game.
 C = Kills by friends in this place as a percentage of kills by friends in the entire game.
 D = Other kills in this place as a percentage of other kills in the entire game.
 E = Experience gained in this place as a percentage of experience gained in the entire game.
 F = Experience gained in this place divided by the number of levels of this place that you have seen.
                   A       B       C       D       E      F
               +-------+-------+-------+-------+-------+----------------------
         Total | 100.0 | 100.0 |   N/A |   N/A | 100.0 | 438.2
       Dungeon | 100.0 | 100.0 |   N/A |   N/A | 100.0 | 500.9
               +-------+-------+-------+-------+-------+----------------------
